 Dungeon Crawl Stone Soup version 0.13.2 (webtiles) character file.

348 Nicoed the Pacifier (level 4, 0/37 HPs)
             Began as a Draconian Healer on Oct 13, 2014.
             Was a Priest of Elyvilon.
             Slain by Sigmund
             ... wielding a +0,+0 scythe
              (10 damage)
             ... on Level 4 of the Dungeon.
             The game lasted 00:18:23 (2836 turns).

Nicoed the Pacifier (Draconian Healer)              Turns: 2836, Time: 00:18:23

HP   0/37        AC  6     Str 14      XL: 4   Next:  9%
MP   1/8         EV 12     Int 13      God: Elyvilon [***...]
Gold 274         SH  0     Dex 11      Spells:  0 memorised,  3 levels left

Res.Fire  : . . .   See Invis. : .   u - +4,+0 elf falchion
Res.Cold  : . . .   Warding    : .   (armour unavailable)
Life Prot.: . . .   Conserve   : .   (no shield)
Res.Poison: .       Res.Corr.  : .   (helmet restricted)
Res.Elec. : .       Clarity    : .   (no cloak)
Sust.Abil.: . .     Spirit.Shd : .   (no gloves)
Res.Mut.  : .       Stasis     : .   t - +0 pair of boots
Res.Rott. : .       Flight     : .   (no amulet)
Saprovore : . . .                    (no ring)
                                     (no ring)

@: slightly resistant to hostile enchantments, unstealthy
A: unfitting armour, AC +5
a: Lesser Healing, Lesser Self-Healing, Divine Protection, Purification, Greater
Healing, Greater Self-Healing, Renounce Religion


You were on level 4 of the Dungeon.
You worshipped Elyvilon.
Elyvilon was most pleased with you.
You were not hungry.

You visited 1 branch of the dungeon, and saw 4 of its levels.

You collected 174 gold pieces.

Inventory:

Hand weapons
 u - a +4,+0 elven falchion (weapon)
Missiles
 x - 26 bolts
Armour
 t - a +0 pair of boots (worn)
Comestibles
 q - an apricot
Scrolls
 d - 4 scrolls of remove curse {unknown}
 e - 4 scrolls of identify {unknown}
 f - a scroll of amnesia {unknown}
 g - a scroll of teleportation {unknown}
 h - a scroll of enchant weapon I {unknown}
 i - 2 scrolls of magic mapping {unknown}
 j - 2 scrolls of curse weapon {unknown}
 m - 2 scrolls of random uselessness {unknown}
 n - a scroll of fog {unknown}
 o - a scroll of enchant armour {unknown}
 v - a scroll of curse armour {unknown}
 w - 2 scrolls of enchant weapon II {unknown}
 y - a scroll of recharging {unknown}
Potions
 a - 2 potions of brilliance {unknown}
 b - 2 potions of curing
 k - a potion of restore abilities {unknown}
 l - a potion of speed {unknown}
 p - a potion of porridge {unknown}
 r - a potion of flight {unknown}
 s - a potion of confusion {unknown}


   Skills:
 + Level 2.6 Fighting
 + Level 3.0 Dodging
 + Level 0.2 Stealth
 - Level 0.4 Unarmed Combat
 + Level 4.7 Invocations


You had 3 spell levels left.
You didn't know any spells.

Dungeon Overview and Level Annotations

Branches:
Dungeon (4/27)
 Temple: D:4-7

Altars:

Annotations:
D:4 Sigmund


Message History

Use which ability? (? or * to list)
You are healed.
You feel somewhat more hungry. It hits you!
You barely miss it. You tail-slap it. It hits you!
* * * LOW HITPOINT WARNING * * *
You barely miss it. You tail-slap it. It hits you.
* * * LOW HITPOINT WARNING * * *
Unknown command.
You feel much better.
You barely miss it. It hits you.
You closely miss it.
Your tail-slap misses it.
It hits you.
You miss it.
You hear some strange, mumbled words.
You are confused.
Ouch! It hits you! It hits you!
* * * LOW HITPOINT WARNING * * *
Unknown command.
You feel better. It hits you!
You die...

#.# ## #.# #.
#.######### #.
#.#.#......... #.
#.....#.# ######.
#####...# ...##. ###.#
####.##. #.# #.......
##@## #.##.### #...#
#.#.##.##
#...######.......#
#........#.#.###.#
#####....###.#.#.###.#
#....................##
................#.#....
#..........)...#..#.)##
###.......##.........#


There were no monsters in sight!

Vanquished Creatures
  2 worms
  2 oozes
  An orc (D:3)
  A ball python (D:1)
  2 giant cockroaches (D:1)
  2 goblins (D:1)
  A hobgoblin (D:1)
  3 kobolds (D:1)
  2 bats (D:1)
16 creatures vanquished.

Vanquished Creatures (others)
  A giant gecko (D:3)
  A hobgoblin (D:3)
  2 goblins
  A rat (D:3)
5 creatures vanquished.

Grand Total: 21 creatures vanquished

Notes
Turn   | Place    | Note
--------------------------------------------------------------
     0 | D:1      | Nicoed, the Draconian Healer, began the quest for the Orb.
     0 | D:1      | Reached XP level 1. HP: 17/17 MP: 2/2
   179 | D:1      | Reached XP level 2. HP: 9/24 MP: 4/4
  1312 | D:2      | Reached XP level 3. HP: 29/29 MP: 6/6
  2283 | D:3      | Acquired Elyvilon's third power
  2588 | D:3      | Reached XP level 4. HP: 37/37 MP: 8/8
  2789 | D:4      | Noticed Sigmund
  2836 | D:4      | Slain by Sigmund

Action                   |  1- 3 |  4- 6 || total
-------------------------+-------+-------++-------
Melee: Unarmed           |   144 |       ||   144
       Whip              |    39 |       ||    39
       Falchion          |    13 |    16 ||    29
Invok: Lesser Healing    |    78 |    14 ||    92
       Lesser Self-Heali |     3 |       ||     3
       Greater Self-Heal |       |     1 ||     1
  Use: Potion            |     1 |     2 ||     3
